 Dungeon Crawl Stone Soup version 0.30.0-5-g1a98f26d00 (webtiles) character file.

Game seed: 4419693691317971583

248 Pimp the Trooper (level 5, -7/42 HPs)
             Began as a Demonspawn Fighter on May 8, 2023.
             Mangled by an ogre
             ... wielding a +0 giant club
              (15 damage)
             ... on level 3 of the Dungeon.
             The game lasted 00:04:47 (2418 turns).

Pimp the Trooper (Demonspawn Fighter)               Turns: 2418, Time: 00:04:47

Health: -7/42      AC: 11    Str: 19    XL:     5   Next: 86%
Magic:  5/5        EV:  7    Int:  9    God:
Gold:   165        SH:  8    Dex: 12    Spells: 4/4 levels left

rFire   . . .        a - +0 war axe
rCold   . . .        c - +0 buckler
rNeg    . . .        f - +0 chain mail
rPois   .            (no helmet)
rElec   .            (no cloak)
rCorr   +            (no gloves)
SInv    +            l - +1 pair of boots
Will    .....        (no amulet) Stlth
                     h - ring of resist corrosion
HPRegen 0.27/turn    k - ring of see invisible
MPRegen 0.09/turn

%: no passive effects
@: no status effects
A: claws 1, large bone plates 1, spiny 1
a: no special abilities


You were on level 3 of the Dungeon.
You visited 1 branch of the dungeon, and saw 4 of its levels.

You collected 165 gold pieces.

Inventory:

Hand Weapons
 a - a +0 war axe (weapon)
Armour
 b - a +0 scale mail
 c - a +0 buckler (worn)
 f - a +0 chain mail (worn)
 l - a +1 pair of boots (worn)
Magical Staves
 j - a staff of death
Jewellery
 h - a ring of resist corrosion (left claw)
 k - a ring of see invisible (right claw)
Wands
 m - a wand of charming (14)
Scrolls
 i - a scroll of amnesia
Potions
 d - 2 potions of flight
 e - 3 potions of heal wounds
 n - a potion of brilliance
 o - a potion of haste {unknown}


   Skills:
 + Level 4.0 Fighting
 - Level 1.7 Axes
 + Level 3.5 Armour
 + Level 3.6 Shields
 * Level 3.1 Unarmed Combat


You had 4 spell levels left.
You didn't know any spells.
Your spell library contained the following spells:

 Spells                   Type           Power      Damage    Failure   Level
 Kiss of Death            Conj/Necr      0%         2d5       99%         1
 Confusing Touch          Hex            0%         N/A       100%        3
 Dispel Undead            Necr           0%         3d6       100%        4


Dungeon Overview and Level Annotations

Branches:
Dungeon (4/15)
 Temple: D:4-7

Altars:

Annotations:
D:3 2 transporters


Innate Abilities, Weirdness & Mutations

You have sharp fingernails.
You are partially covered in large bone plates. (SH +4)
You are partially covered in sharp spines.


Message History

You kill the orc!
Things that are here:
a +0 dagger; an orc corpse A giant cockroach comes into view.
A giant cockroach is nearby!
A giant cockroach is nearby!
The giant cockroach bites you but does no damage.
You slash the giant cockroach!
You kill the giant cockroach!
You see here a giant cockroach corpse.
m - a wand of charming (14) (gained 8 charges)
You see here a +0 dagger.
Partly explored, unvisited transporter.
Partly explored, unvisited transporter.
There is a stone staircase leading down here.
You climb downwards.
The ogre shouts!
The gnoll shouts!
Found a scroll of identify.
There is a stone staircase leading up here.
As you read the scroll of identify, it crumbles to dust.
i - a scroll of amnesia
As you read the scroll of identify, it crumbles to dust.
d - 2 potions of flight
As you read the scroll of identify, it crumbles to dust.
n - a potion of brilliance A giant cockroach comes into view.
You block the ogre's attack.
You climb upwards.
Level annotation: 2 transporters
There is a stone staircase leading down here.
The ogre hits you with a +0 giant club!
There is a stone staircase leading down, spattered with blood here.
You closely miss the ogre. The ogre is struck by your spines.
The ogre hits you with a +0 giant club!!
Ouch! That really hurt!
* * * LOW HITPOINT WARNING * * *
You slash the ogre!
The ogre is moderately wounded.
The ogre hits you with a +0 giant club!
You die...

#..........#####.#.
#..........#.......
#..........#.......
##.....)..##..|....
#..................
#..........#)......
#...........).....)
#.O........#)......
#.@........#.......
##........##.....<.
##......####....##
######## ###..##
#...#. ###.....
##.....†.
##........
##..#..#.#.


You could see an ogre.

Vanquished Creatures
  An orc priest (D:3)
  Natasha (thrice) (D:3)
  2 orc wizards
  A gnoll (D:1)
  A worm (D:2)
  2 dart slugs
  5 orcs (D:3)
  6 endoplasms
  6 giant cockroaches
  8 goblins
  7 hobgoblins
  5 jackals
  4 kobolds
  3 quokkas
  5 ball pythons
  6 bats
  2 rats
67 creatures vanquished.

Notes
Turn   | Place    | Note
-------+----------+-------------------------------------------
     0 | D:1      | Pimp the Demonspawn Fighter began the quest for the Orb.
     0 | D:1      | Reached XP level 1. HP: 18/18 MP: 1/1
   190 | D:1      | Gained mutation: You have sharp fingernails. [demonic
                  | ancestry]
   190 | D:1      | Reached XP level 2. HP: 24/24 MP: 2/2
   289 | D:1      | Reached skill level 1 in Unarmed Combat
   534 | D:1      | Reached XP level 3. HP: 29/29 MP: 3/3
  1325 | D:2      | Gained mutation: You are partially covered in sharp spines.
                  | [demonic ancestry]
  1325 | D:2      | Reached XP level 4. HP: 35/35 MP: 4/4
  1718 | D:3      | Found a transporter.
  1836 | D:3      | Noticed Natasha
  1841 | D:3      | Killed Natasha
  1845 | D:3      | Noticed Natasha
  1851 | D:3      | Killed Natasha
  1852 | D:3      | Gained mutation: You are partially covered in large bone
                  | plates. (SH +4) [demonic ancestry]
  1852 | D:3      | Reached XP level 5. HP: 32/42 MP: 5/5
  1897 | D:3      | Noticed Natasha
  1910 | D:3      | Killed Natasha
  2013 | D:3      | Found a transporter.
  2037 | D:3      | Reached skill level 4 in Fighting
  2409 | D:4      | Noticed an ogre
  2418 | D:3      | Mangled by an ogre

Illustrated notes

Levels and vault maps discovered:
D:1:      spicycebolla_arrival_risky_transporter, layout_loops_corners,
          minmay_ruptured
D:2:      layout_loops_ring
D:3:      gammafunk_steamed_eel, layout_rooms, hangedman_decor_growths,
          uniq_natasha
D:4:      layout_basic, gammafunk_ghost_abyssal_escape, minivault_14,
          minivault_24, minmay_fractal_squares_5

Skill      XL: |  1  2  3  4  5 |
---------------+----------------+-----
Unarmed Combat | 1 2 3 |  3.1
Armour         | 3 |  3.5
Shields        | 3 |  3.6
Fighting       | 4 |  4.0
Axes           | |  1.7

Action                     |  1- 3 |  4- 6 || total
---------------------------+-------+-------++-------
  Melee: War axe           |   105 |    51 ||   156
    Use: Scroll            |     2 |     4 ||     6
         Potion            |       |     1 ||     1
 Armour: Chain mail        |    60 |    45 ||   105
         Scale mail        |     3 |       ||     3
  Dodge: Dodged            |    32 |    17 ||    49
  Block: Buckler           |    34 |    27 ||    61
